 Dungeon Crawl Stone Soup version 0.20.1-1-g8b1a95d (webtiles) character file.

82126 dvd the Basher (level 15, -11/126 HPs)
             Began as a Ghoul Ice Elementalist on Oct 13, 2017.
             Was an Elder of Yredelemnul.
             Shot with a bolt by a naga sharpshooter (21 damage)
             ... on level 3 of the Snake Pit on Oct 14, 2017.
             The game lasted 01:57:42 (21566 turns).

dvd the Basher (Ghoul Ice Elementalist)            Turns: 21566, Time: 01:57:42

Health: -11/126    AC: 11    Str: 14    XL:     15   Next: 72%
Magic:  1/26       EV: 14    Int: 15    God:    Yredelemnul [****..]
Gold:   1558       SH:  5    Dex: 16    Spells: 5/30 levels left

rFire    . . .     SeeInvis +   Q - +6 battleaxe (freeze)
rCold    + . .     Gourm    .   (shield currently unavailable)
rNeg     + + +     Faith    .   g - +2 robe {Archmagi}
rPois    ∞         Spirit   .   f - +0 helmet
rElec    +         Reflect  +   p - scarf {repulsion}
rCorr    .         Harm     .   X - +2 pair of gloves
MR       ++...                  K - +2 pair of boots of the Assassin {Detection Stab+ Stlth++}
Stlth    ++++++....             x - +5 amulet of reflection
Regen    0.0/turn               r - ring of protection from magic
MPRegen  0.2/turn               B - ring "Dakhod" {+Inv rElec Dex+7 SInv Stlth-}

@: rotting, constricted, repel missiles
A: rotting body, claws 1, carnivore 3, cold resistance 1, negative energy
resistance 3, inhibited regeneration, torment resistance, unbreathing
a: Recall Undead Slaves, Injury Mirror, Animate Dead, Drain Life, Renounce
Religion, Evoke Invisibility


You were on level 3 of the Snake Pit.
You worshipped Yredelemnul.
Yredelemnul was greatly pleased with you.
You were not hungry.

You visited 3 branches of the dungeon, and saw 21 of its levels.
You also visited: Bailey and Ice Cave.

You collected 2181 gold pieces.
You spent 623 gold pieces at shops.

Inventory:

Hand Weapons
 a - a +9 dire flail of venom
 b - the +10 fustibalus of Red Wine {venom, rF+ Dex+4}
   (You found it in a bailey)

   It poisons the ammo it fires.
   It affects your dexterity (+4).
   It protects you from fire.
 C - the +7 spear of the Hero {elec, Int+7}
   (You found it in an ice cave)

   Occasionally, upon striking a foe, it will discharge some electrical energy
   and cause terrible harm.
   It affects your intelligence (+7).
 Q - a +6 battleaxe of freezing (weapon)
Missiles
 h - 44 tomahawks of returning (quivered)
 P - 50 sling bullets
Armour
 f - a +0 helmet (worn)
 g - a +2 robe of the Archmagi (worn)
 p - a scarf of repulsion (worn)
 K - the +2 pair of boots of the Assassin (worn) {Detection Stab+ Stlth++}
   (You acquired it in a bailey)

   It makes you much more stealthy.
 L - the +0 robe "Mugot" {*Corrode rPois rF+ Regen+}
   (You took it off an efreet on level 11 of the Dungeon)

   It protects you from fire.
   It protects you from poison.
   It increases your rate of regeneration.
   It may corrode you when you take damage.
 V - the +2 robe of the Burgomaster {+Blink}
   (You found it on level 2 of the Lair of Beasts)

   It lets you blink.
 X - a +2 pair of gloves (worn)
Magical Staves
 U - an uncursed staff of power
Jewellery
 r - a ring of protection from magic (left hand)
 x - a +5 amulet of reflection (around neck)
 B - the ring "Dakhod" (right hand) {+Inv rElec Dex+7 SInv Stlth-}
   (You bought it in a shop on level 7 of the Dungeon)

   [ring of see invisible]

   It affects your dexterity (+7).
   It insulates you from electricity.
   It lets you see invisible.
   It lets you turn invisible.
   It makes you less stealthy.
 D - an uncursed ring of ice
 S - an uncursed ring of wizardry
Wands
 m - a wand of digging (13/24)
 w - a wand of clouds (7/9)
 z - a wand of iceblast (4/15)
 F - a wand of lightning (5/15)
 I - a wand of lightning (10/15)
 M - a wand of lightning (12/15)
 R - a wand of acid (10/15)
Scrolls
 d - 11 scrolls of teleportation
 j - a scroll of amnesia
 l - 12 scrolls of identify
 o - 3 scrolls of fog
 y - 11 scrolls of remove curse
 A - 10 scrolls of recharging
 H - 5 scrolls of blinking
 N - 4 scrolls of fear
 Y - 3 scrolls of magic mapping
Potions
 q - 7 potions of curing
 v - 2 potions of brilliance
 E - a potion of invisibility
 G - 3 potions of heal wounds
 J - 7 potions of haste
 T - 4 potions of flight
 W - 5 potions of magic
Books
 e - a book of Misfortune

   Spells                             Type                      Level
   a - Confusing Touch                Hexes                        1
   b - Confuse                        Hexes                        3
   c - Gell's Gravitas                Translocation                3
   d - Petrify                        Transmutation/Earth          4
   e - Metabolic Englaciation         Hexes/Ice                    5
   f - Yara's Violent Unravelling     Hexes/Transmutation          5
 k - a Young Poisoner's Handbook

   Spells                             Type                      Level
   a - Sting                          Conjuration/Poison           1
   b - Poisonous Vapours              Poison/Air                   2
   c - Mephitic Cloud                 Conjuration/Poison/Air       3
   d - Olgreb's Toxic Radiance        Poison                       4
   e - Venom Bolt                     Conjuration/Poison           5
 n - a book of Party Tricks

   Spells                             Type                      Level
   a - Summon Butterflies             Summoning                    1
   b - Apportation                    Translocation                1
   c - Lesser Beckoning               Translocation                3
   d - Tukima's Dance                 Hexes                        3
   e - Alistair's Intoxication        Transmutation/Poison         5
   f - Invisibility                   Hexes                        6
 t - a book of Beasts

   Spells                             Type                      Level
   a - Summon Butterflies             Summoning                    1
   b - Call Canine Familiar           Summoning                    3
   c - Summon Ice Beast               Ice/Summoning                4
   d - Summon Mana Viper              Hexes/Summoning              5
   e - Summon Hydra                   Summoning                    7
 u - a book of Ice

   Spells                             Type                      Level
   a - Ice Form                       Ice/Transmutation            4
   b - Metabolic Englaciation         Hexes/Ice                    5
   c - Ozocubu's Refrigeration        Ice                          6
   d - Bolt of Cold                   Conjuration/Ice              6
   e - Freezing Cloud                 Conjuration/Ice/Air          6
   f - Simulacrum                     Ice/Necromancy               6
 Z - a book of Minor Magic

   Spells                             Type                      Level
   a - Magic Dart                     Conjuration                  1
   b - Blink                          Translocation                2
   c - Call Imp                       Summoning                    2
   d - Slow                           Hexes                        2
   e - Conjure Flame                  Conjuration/Fire             3
   f - Mephitic Cloud                 Conjuration/Poison/Air       3
Comestibles
 c - 12 meat rations
 i - 17 royal jellies


   Skills:
 + Level 9.8 Fighting
 + Level 3.2(8.8) Axes
 + Level 12.4(12.7) Maces & Flails
 + Level 0.3(2.4) Polearms
 + Level 2.0(8.4) Staves
 + Level 0.8 Slings
 + Level 7.4 Dodging
 + Level 10.1 Stealth
 + Level 8.2 Spellcasting
 + Level 3.4 Conjurations
 + Level 5.8 Charms
 + Level 0.5 Summonings
 * Level 11.5 Ice Magic
 + Level 6.8 Poison Magic
 + Level 8.3 Invocations


You had 5 spell levels left.
You knew the following spells:

 Your Spells              Type           Power        Failure   Level  Hunger
a - Blink                 Tloc           N/A          19%         2    None
b - Throw Frost           Conj/Ice       #####.       1%          2    None
c - Ozocubu's Armour      Chrm/Ice       #####...     1%          3    ##.....
d - Throw Icicle          Conj/Ice       #####...     5%          4    ####...
e - Summon Ice Beast      Ice/Summ       #####...     10%         4    ####...
f - Olgreb's Toxic Radia  Pois           #####...     7%          4    ####...
g - Ozocubu's Refrigerat  Ice            ######....   16%         6    #######


Dungeon Overview and Level Annotations

Branches:
Dungeon (12/15)            Temple (0/1) D:5            Lair (6/6) D:10
 Shoals (0/4) Lair:3        Snake (3/4) Lair:3        Slime (0/5) Lair:6
    Orc (0/2) D:10

Altars:
Ashenzari
Makhleb
Nemelex Xobeh
Okawaru
Yredelemnul
Jiyva

Shops:
D:7 =   D:12 }   Snake:2 !

Portals:
Hell: Lair:6


Innate Abilities, Weirdness & Mutations

Your body is rotting away.
You thrive on raw meat.
You are immune to poison.
You have sharp fingernails.
You are carnivorous and can eat meat at any time.
Your flesh is cold resistant. (rC+)
You are immune to negative energy. (rN+++)
You do not regenerate when monsters are visible.
You are immune to unholy pain and torment.
You can survive without breathing.


Message History

Blink to where?
Press: ? - help, Dir - move target cursor, p - salamander The naga mage's grasp on you weakens, but your attempt to escape fails.
As you read the scroll of blinking, it crumbles to dust.
The naga mage misses you.
* * * LOW HITPOINT WARNING * * *
The naga mage constricts you.
The naga hits your skeletal warrior with a mace!
The naga grabs your skeletal warrior.
The naga constricts your skeletal warrior.
Your skeletal warrior hits the naga with a trident!
The naga warrior closely misses you. The salamander hits you with a halberd.
* * * LOW HITPOINT WARNING * * *
You are engulfed in flames!
* * * LOW HITPOINT WARNING * * *
The naga sharpshooter gestures wildly while chanting.
The naga sharpshooter magically shoots a bolt.
The bolt hits you!!
You die...
Yredelemnul claims you as an undead slave.

#..........#..
.........N....
...#.....(...
#...(.... #.(...#
##.....# ##..(.N.##
##>.NNz)..# #
##...N@....# ## #..
#.........## .##...
##.........# .....#
#..........# ....#
##..........# ....##
##..........##
.....###..........?#
.......#...........#
.........##.......##


You could see a naga warrior, a naga sharpshooter, a salamander, a naga mage, a
naga and a friendly skeletal warrior.

Vanquished Creatures
  The ghost of baljet the Spry, an adept MfIE of Okawaru (Snake:1)
  A nagaraja (Snake:2)
  A ghoul (Snake:2)
  An orc warlord (Bailey)
  A dire elephant (Lair:6)
  The ghost of Atash the Severer, a journeyman MiBe of Trog (Lair:3)
  4 hydras
  3 anacondas
  3 two-headed ogres
  The ghost of Irenicus the Martial Artist, a journeyman OpCK of Xom (D:9)
  2 death yaks (IceCv)
  3 shock serpents (Snake:3)
  Sonja (D:12)
  A sixfirhy (Lair:6)
  A salamander mystic (Snake:3)
  An unseen horror (D:11)
  A wizard (Lair:6)
  The ghost of Britaniac the Cudgeler, a novice OgHu (D:5)
  An orc knight (Bailey)
  2 mana vipers (Snake:1)
  A manticore (D:11)
  A shock serpent zombie (Snake:3)
  4 salamanders
  An ugly thing (D:11)
  An ice statue (IceCv)
  11 black mambas
  A centaur skeleton (D:11)
  14 spiny frogs
  A naga mage (Snake:1)
  6 komodo dragons
  6 rime drakes
  An efreet (D:11)
  A hellwing (Lair:6)
  4 trolls
  10 polar bears
  An ice devil (Lair:6)
  5 blink frogs (Lair:6)
  7 hippogriffs
  A snapping turtle (Lair:3)
  A spriggan (D:7)
  A shadow (D:12)
  3 wyverns
  37 yaks
  A fire bat (Lair:3)
  4 hungry ghosts
  The ghost of bmj180 the Conjurer, an amateur DrCj (D:3)
  A steam dragon (D:12)
  A vampire mosquito (D:11)
  8 nagas
  Edmund (D:4)
  An acid dragon (D:11)
  4 hell hounds (Lair:6)
  7 water moccasins
  9 porcupines
  An eye of draining (D:12)
  10 orc warriors
  5 sky beasts
  3 black bears
  2 phantoms
  A necrophage (D:11)
  3 ogres
  21 wolves
  12 centaurs
  10 crocodiles
  3 big kobolds
  15 bullfrogs
  4 scorpions
  A troll zombie (D:10)
  5 howler monkeys
  3 wights (D:12)
  An electric eel (Lair:3)
  A bullfrog zombie (D:7)
  5 crimson imps
  7 hounds
  4 orc priests
  Crazy Yiuf (D:2)
  A quasit (D:11)
  2 centaur zombies
  2 bullfrog skeletons (D:11)
  An iguana (D:3)
  16 orc wizards
  10 worker ants
  5 ogre zombies (D:10)
  3 worker ant zombies
  A howler monkey zombie (D:10)
  14 adders
  A gnoll (Bailey)
  A shadow imp (D:8)
  2 oozes
  2 worms
  A dart slug (D:5)
  A leopard gecko (D:3)
  38 orcs
  4 giant cockroaches
  10 hobgoblins
  5 jackals
  3 quokkas
  9 bats
  6 frilled lizards
  8 goblins
  2 goblin skeletons (D:10)
  3 goblin zombies (D:10)
  3 hobgoblin zombies (D:10)
  37 kobolds
  An orc skeleton (D:10)
  11 orc zombies (D:10)
  A quokka skeleton (D:4)
  A quokka zombie (D:5)
  5 rats
  A fungus (Lair:6)
517 creatures vanquished.

Vanquished Creatures (collateral kills)
  A white draconian (IceCv)
  A dire elephant (Lair:6)
  2 hydras
  2 naga warriors (Snake:1)
  2 anacondas
  A naga sharpshooter (Snake:2)
  Urug (Lair:3)
  4 shock serpents
  Nergalle (Lair:3)
  A salamander mystic (Snake:2)
  A lindwurm (Lair:6)
  A naga ritualist (Snake:1)
  A mana viper (Snake:2)
  2 ugly things (D:11)
  A manticore (D:12)
  4 oklob plants (Lair:6)
  A naga mage (Snake:1)
  2 salamanders
  A centaur zombie (D:11)
  10 black mambas
  2 orange demons (Lair:6)
  2 spiny frogs
  A rime drake (Lair:6)
  3 komodo dragons
  A tengu conjurer (D:11)
  2 red devils (Lair:6)
  7 polar bears
  2 blink frogs (Lair:6)
  2 hippogriffs
  26 yaks
  A fire bat (Lair:3)
  2 basilisks
  A hell hound (Lair:6)
  5 nagas
  4 water moccasins
  A porcupine (Lair:3)
  A necrophage (D:9)
  A phantom (D:10)
  2 black bears
  An ogre (D:7)
  6 wolves
  2 crocodiles
  A big kobold (D:12)
  3 bullfrogs
  A scorpion (D:12)
  A wight (D:12)
  A hound (D:11)
  A bullfrog skeleton (D:9)
  3 orc priests
  3 orc wizards
  2 ogre zombies (D:10)
  An adder (D:6)
  An adder zombie (D:7)
  A leopard gecko (D:4)
  4 orcs
  A ball python (D:4)
  A goblin (D:3)
  2 jackals (D:4)
  A goblin zombie (D:10)
  A hobgoblin skeleton (D:10)
  A hobgoblin zombie (D:10)
  7 kobolds
  2 orc zombies (D:10)
  A bush (Lair:5)
  15 fungi
  6 plants
176 creatures vanquished.

Vanquished Creatures (others)
  2 flayed ghosts
  An ugly thing skeleton (D:11)
  A death yak zombie (IceCv)
  2 hydra zombies
  4 flying skulls
  5 black mamba zombies
  2 vampires (Lair:6)
  3 wraiths
  A spiny frog zombie (Lair:6)
  A spiny frog skeleton (Lair:3)
  A blink frog zombie (Lair:6)
  A naga skeleton (Snake:2)
  A rime drake zombie (Lair:6)
  A komodo dragon zombie (Lair:6)
  A salamander zombie (Snake:3)
  2 wyvern zombies
  A hell hound zombie (Lair:6)
  A water moccasin zombie (Lair:6)
  A salamander skeleton (Snake:3)
  A hell hound skeleton (Lair:6)
  A water moccasin skeleton (Lair:6)
  12 yak zombies
  A polar bear zombie (IceCv)
  A yak skeleton (D:11)
  A polar bear skeleton (IceCv)
  6 wights
  2 wolf zombies (Lair:6)
  2 bullfrog zombies
  A black bear zombie (D:6)
  A centaur skeleton (D:12)
  A porcupine zombie (Lair:2)
  A naga zombie (Snake:2)
  A sky beast zombie (D:12)
  3 big kobold zombies
  2 hound zombies
  2 howler monkey zombies
  An adder zombie (D:7)
  An orc skeleton (D:10)
  A frilled lizard zombie (D:3)
  A hobgoblin skeleton (Bailey)
  3 hobgoblin zombies (Bailey)
  2 jackal zombies
  A kobold (D:12)
  A kobold skeleton (D:10)
  12 kobold zombies
  8 orc zombies
  9 fungi
  7 plants (Lair:6)
118 creatures vanquished.

Grand Total: 811 creatures vanquished

Notes
Turn   | Place    | Note
-------+----------+-------------------------------------------
     0 | D:1      | dvd the Ghoul Ice Elementalist began the quest for the Orb.
     0 | D:1      | Reached XP level 1. HP: 14/14 MP: 2/2
   234 | D:1      | Found a basalt altar of Yredelemnul.
   242 | D:1      | Became a worshipper of Yredelemnul the Dark
   436 | D:1      | Reached XP level 2. HP: 18/20 MP: 2/4
   522 | D:2      | Found an iron altar of Okawaru.
   887 | D:2      | Learned a level 2 spell: Throw Frost
  1002 | D:2      | Reached XP level 3. HP: 7/26 MP: 0/5
  1651 | D:2      | Found a runed door.
  1655 | D:2      | Noticed Crazy Yiuf
  1678 | D:2      | Killed Crazy Yiuf
  1678 | D:2      | Reached XP level 4. HP: 9/34 MP: 0/6
  1955 | D:2      | Reached * piety under Yredelemnul
  2023 | D:3      | Reached skill level 1 in Maces & Flails
  2048 | D:3      | Noticed bmj180's ghost (amateur DrCj)
  2183 | D:3      | Killed bmj180's ghost
  2183 | D:3      | Reached skill level 1 in Fighting
  2183 | D:3      | Reached skill level 1 in Conjurations
  2183 | D:3      | Reached XP level 5. HP: 26/40 MP: 0/8
  2183 | D:3      | Reached XP level 6. HP: 31/47 MP: 0/9
  2326 | D:3      | Learned a level 3 spell: Ozocubu's Armour
  2458 | D:3      | Found a sparkling altar of Nemelex Xobeh.
  2570 | D:3      | Reached skill level 1 in Staves
  2909 | D:4      | Noticed Edmund
  2921 | D:4      | Killed Edmund
  3051 | D:4      | Reached XP level 7. HP: 52/52 MP: 7/11
  3079 | D:4      | Learned a level 4 spell: Throw Icicle
  3242 | D:4      | Reached ** piety under Yredelemnul
  3242 | D:4      | Reached skill level 5 in Ice Magic
  3545 | D:5      | Entered Level 5 of the Dungeon
  3629 | D:5      | Noticed Britaniac's ghost (novice OgHu)
  3901 | D:5      | Reached skill level 1 in Charms
  3992 | D:5      | Reached skill level 2 in Maces & Flails
  4005 | D:5      | Reached skill level 1 in Invocations
  4012 | D:5      | Reached XP level 8. HP: 38/60 MP: 7/13
  4290 | D:5      | Found a staircase to the Ecumenical Temple.
  4513 | D:5      | Killed Britaniac's ghost
  4513 | D:5      | Reached skill level 3 in Maces & Flails
  4793 | D:5      | Reached skill level 4 in Maces & Flails
  4984 | D:6      | Reached XP level 9. HP: 45/68 MP: 7/14
  5008 | D:6      | Reached skill level 5 in Stealth
  5209 | D:6      | Reached skill level 5 in Maces & Flails
  5850 | D:7      | Found Xyagruygywk's Jewellery Shop.
  5854 | D:7      | Reached skill level 6 in Maces & Flails
  5892 | D:7      | Reached *** piety under Yredelemnul
  6024 | D:7      | Reached XP level 10. HP: 55/78 MP: 16/16
  6333 | D:8      | Found a flagged portal.
  6363 | Bailey   | Entered a bailey
  6368 | Bailey   | Noticed an orc warlord
  6449 | Bailey   | Received a gift from Yredelemnul (a wight)
  6457 | Bailey   | Noticed an orc knight
  6524 | Bailey   | Killed an orc knight
  6524 | Bailey   | Reached skill level 7 in Maces & Flails
  6524 | Bailey   | Reached skill level 5 in Spellcasting
  6637 | Bailey   | Found a runed gate.
  6639 | Bailey   | Found a runed gate.
  6645 | Bailey   | Found a runed gate.
  6791 | Bailey   | Killed an orc warlord
  6828 | Bailey   | Got a fine fustibalus
  6829 | Bailey   | Identified the +10 fustibalus of Red Wine {venom, rF+ Dex+4} (You found it in a bailey)
  6833 | Bailey   | Identified a scroll of acquirement
  7519 | D:7      | Bought the ring "Dakhod" {+Inv rElec Dex+7 SInv Stlth-} for 493 gold pieces
  7680 | D:9      | Noticed Irenicus's ghost (journeyman OpCK)
  7690 | D:9      | Killed Irenicus's ghost
  7690 | D:9      | Reached skill level 5 in Fighting
  7690 | D:9      | Reached skill level 8 in Maces & Flails
  7793 | D:9      | Reached XP level 11. HP: 51/86 MP: 14/18
  7897 | D:9      | Reached skill level 5 in Dodging
  7897 | D:9      | Reached skill level 5 in Invocations
  7897 | D:9      | Reached XP level 12. HP: 96/96 MP: 18/20
  8045 | D:9      | Received a gift from Yredelemnul (a wight)
  8252 | D:10     | Entered Level 10 of the Dungeon
  8252 | D:10     | Noticed a two-headed ogre
  8261 | D:10     | Killed a two-headed ogre
  8261 | D:10     | Reached skill level 9 in Maces & Flails
  8328 | D:10     | Learned a level 4 spell: Summon Ice Beast
  8376 | D:10     | Found a staircase to the Lair.
  8494 | D:10     | Found a staircase to the Orcish Mines.
  8507 | D:10     | Reached **** piety under Yredelemnul
  8517 | D:10     | Received a gift from Yredelemnul (a wight)
  8894 | D:10     | Received a gift from Yredelemnul (a wight)
  9130 | Lair:1   | Entered Level 1 of the Lair of Beasts
  9907 | Lair:1   | Learned a level 4 spell: Olgreb's Toxic Radiance
 10207 | Lair:2   | Reached skill level 1 in Poison Magic
 10306 | Lair:2   | Got a distressingly furry robe
 10308 | Lair:2   | Identified the +2 robe of the Burgomaster {+Blink} (You found it on level 2 of the Lair of Beasts)
 10513 | Lair:2   | Reached skill level 10 in Maces & Flails
 10597 | Lair:2   | Received a gift from Yredelemnul (a wight)
 11017 | Lair:3   | Noticed Nergalle
 11021 | Lair:3   | Killed Nergalle
 11067 | Lair:3   | Noticed a six-headed hydra
 11078 | Lair:3   | Killed a six-headed hydra
 11138 | Lair:3   | Noticed Atash's ghost (journeyman MiBe)
 11139 | Lair:3   | Noticed Urug
 11150 | Lair:3   | Killed Urug
 11555 | D:11     | Reached XP level 13. HP: 93/105 MP: 11/21
 11621 | D:11     | Received a gift from Yredelemnul (a wraith)
 12327 | D:11     | Got a fine robe
 12338 | D:11     | Identified the +0 robe "Mugot" {*Corrode rPois rF+ Regen+} (You took it off an efreet on level 11 of the Dungeon)
 12363 | D:11     | Found a runed door.
 12390 | D:11     | Found a runed door.
 12514 | D:12     | Noticed Sonja
 12518 | D:12     | Reached ***** piety under Yredelemnul
 12519 | D:12     | Received a gift from Yredelemnul (a wight)
 12539 | D:12     | Killed Sonja
 12659 | D:12     | Your ally Sonja died
 12679 | D:12     | Received a gift from Yredelemnul (a vampire)
 12761 | D:12     | Got a shimmering ring mail
 12772 | D:12     | Identified the +5 ring mail of the Forsaken Ships {+Blink rElec Int-5} (You acquired it on level 12 of the Dungeon)
 12803 | D:12     | Found Faprapleq's Gadget Shoppe.
 13040 | D:12     | Reached skill level 11 in Maces & Flails
 14143 | Lair:3   | Your ally Nergalle died
 14398 | Lair:3   | Killed Atash's ghost
 14398 | Lair:3   | Reached skill level 5 in Poison Magic
 14894 | Lair:3   | Received a gift from Yredelemnul (2 flying skulls)
 14928 | Lair:3   | Found a staircase to the Snake Pit.
 15151 | Lair:3   | Found a staircase to the Shoals.
 15703 | Lair:4   | Received a gift from Yredelemnul (a vampire)
 15924 | Lair:4   | Found a shattered altar of Ashenzari.
 16128 | Lair:5   | Reached skill level 5 in Charms
 16204 | Lair:5   | Found a frozen archway.
 16208 | Lair:5   | Reached XP level 14. HP: 89/116 MP: 19/23
 16290 | IceCv    | Entered an ice cave
 16353 | IceCv    | Received a gift from Yredelemnul (a wraith)
 16437 | IceCv    | Received a gift from Yredelemnul (2 flying skulls)
 16639 | IceCv    | Received a gift from Yredelemnul (a flayed ghost)
 16657 | IceCv    | Got a crude spear
 16658 | IceCv    | Identified the +7 spear of the Hero {elec, Int+7} (You found it in an ice cave)
 16829 | IceCv    | Noticed a white draconian
 16839 | IceCv    | Killed a white draconian
 17133 | IceCv    | Reached skill level 10 in Ice Magic
 17878 | Lair:6   | Entered Level 6 of the Lair of Beasts
 17992 | Lair:6   | Learned a level 2 spell: Blink
 18006 | Lair:6   | Received a gift from Yredelemnul (a flayed ghost)
 18009 | Lair:6   | Noticed a dire elephant
 18111 | Lair:6   | Killed a dire elephant
 18124 | Lair:6   | Reached skill level 12 in Maces & Flails
 18217 | Lair:6   | Noticed a dire elephant
 18239 | Lair:6   | Killed a dire elephant
 18356 | Lair:6   | Found a burning altar of Makhleb.
 18394 | Lair:6   | Reached skill level 1 in Axes
 18416 | Lair:6   | Found a gateway to Hell.
 18509 | Lair:6   | Received a gift from Yredelemnul (a wraith)
 18581 | Lair:6   | Reached XP level 15. HP: 106/125 MP: 7/25
 18963 | Lair:6   | Found a viscous altar of Jiyva.
 18963 | Lair:6   | Found a staircase to the Slime Pits.
 19221 | Snake:1  | Entered Level 1 of the Snake Pit
 19232 | Snake:1  | Noticed baljet's ghost (adept MfIE)
 19327 | Snake:1  | Killed baljet's ghost
 19328 | Snake:1  | Received a gift from Yredelemnul (a ghoul)
 20184 | Snake:2  | Reached skill level 10 in Stealth
 20312 | Snake:2  | Noticed a nagaraja
 20322 | Snake:2  | Killed a nagaraja
 20453 | Snake:2  | Found Gaugyiq's Distillery.
 20774 | Snake:2  | Bought a potion of heal wounds for 65 gold pieces
 20774 | Snake:2  | Bought a potion of heal wounds for 65 gold pieces
 21019 | Snake:3  | Learned a level 6 spell: Ozocubu's Refrigeration
 21347 | Snake:2  | Received a gift from Yredelemnul (a skeletal warrior)
 21353 | Snake:2  | Killed a ghoul
 21566 | Snake:3  | Shot with a bolt by a naga sharpshooter

Skill      XL: |  1  2  3  4  5  6  7  8  9 10 11 12 13 14 15 |
---------------+----------------------------------------------+-----
Spellcasting   | 2 3 4 5 6 7 8 |  8.2
Dodging        | 2 3 4 5 6 7 |  7.4
Ice Magic      | 4 5 6 7 8 9 10 11 | 11.5
Maces & Flails | 1 2 4 6 8 10 11 12 | 12.4
Fighting       | 1 2 3 5 6 7 8 9 |  9.8
Stealth        | 3 4 5 6 7 8 9 10 | 10.1
Conjurations   | 1 2 3 |  3.4
Staves         | 1 2 |  2.0
Charms         | 1 2 3 4 5 |  5.8
Invocations    | 1 2 3 4 5 6 7 8 |  8.3
Poison Magic   | 3 5 6 |  6.8
Axes           | 1 3 |  3.2
Polearms       | |  0.3
Slings         | |  0.8
Summonings     | |  0.5

Action                   |  1- 3 |  4- 6 |  7- 9 | 10-12 | 13-15 || total
-------------------------+-------+-------+-------+-------+-------++-------
Melee: Mace              |    66 |       |       |       |       ||    66
       Quarterstaff      |       |    53 |       |       |       ||    53
       Dire flail        |       |     6 |   272 |   435 |   709 ||  1422
       Battleaxe         |       |       |       |       |    47 ||    47
       Spear             |       |       |       |       |     9 ||     9
 Fire: Fustibalus        |       |       |       |       |    19 ||    19
Throw: Tomahawk          |       |       |       |       |     1 ||     1
 Cast: Freeze            |    31 |    25 |     5 |     6 |     2 ||    69
       Throw Frost       |     4 |     9 |    15 |    11 |     6 ||    45
       Ozocubu's Armour  |       |     3 |    19 |    28 |    69 ||   119
       Throw Icicle      |       |       |       |    10 |    13 ||    23
       Summon Ice Beast  |       |       |       |     1 |     3 ||     4
       Olgreb's Toxic Ra |       |       |       |       |    33 ||    33
       Ozocubu's Refrige |       |       |       |       |     2 ||     2
Invok: Animate Remains   |       |     3 |    13 |       |       ||    16
       Recall Undead Sla |       |       |     1 |     8 |    15 ||    24
       Injury Mirror     |       |       |     1 |     3 |     2 ||     6
       Animate Dead      |       |       |     1 |    28 |    50 ||    79
       Drain Life        |       |       |       |       |     4 ||     4
Evoke: Wand              |       |       |       |       |     2 ||     2
  Use: Scroll            |       |     4 |     9 |    10 |    16 ||    39
       Potion            |       |       |     3 |    10 |     3 ||    16
 Stab: Sleeping          |     6 |    11 |     9 |    21 |    24 ||    71
       Distracted        |       |       |     1 |     1 |    15 ||    17
       Invisible         |       |       |       |     1 |       ||     1
       Confused          |       |       |       |       |     2 ||     2
  Eat: Chunk             |    11 |     6 |    35 |    61 |   157 ||   270
Armor: Robe              |     4 |    13 |    82 |   108 |   269 ||   476
Dodge: Dodged            |    56 |    36 |   180 |   258 |   580 ||  1110
       Deflected         |       |       |       |       |    23 ||    23
Block: Other             |    10 |    12 |    39 |    70 |   151 ||   282
       Reflection        |       |       |     1 |     4 |    10 ||    15
